[Event "Polish Youth Ekstraliga 2022"]
[Site "Lublin"]
[Date "2022.06.25"]
[Round "1.15"]
[White "Mulawa, Cyprian"]
[Black "Warchol, Kamil"]
[Result "1/2-1/2"]
[ECO "C41"]
[WhiteElo "2050"]
[BlackElo "2079"]
[Annotator "NA RC"]
[PlyCount "73"]
[EventDate "2022.06.24"]
[EventType "team-tourn"]
[EventCountry "POL"]
[SourceTitle "playchess.com"]
[Source "ChessBase"]
[SourceQuality "1"]
[TimeControl "40/5400+30:1800+30"]

1. d4 d6 2. e4 Nf6 3. Nc3 e5 4. Nf3 Nbd7 5. Bc4 Be7 6. O-O c6 7. a4 O-O {[%emt 0:02:38] 7...h6 is the fancy move.} 8. Ba2 Qc7 9. Qe2 {[%emt 0:00:04] was the old line (9.Re1).} a5 10. Rd1 exd4 11. Nxd4 Nc5 12. Bf4 Ng4 {[%emt 0:10:42] [#]} 13. Nf5 $146 ({Predecessor:} 13. h3 Ne5 14. Bg3 Re8 15. f4 Ng6 16. f5 Ne5 17. Bxe5 dxe5 18. Qh5 Rf8 19. Nf3 {1-0 (39) Liedtke,M (2314)-Petiko,N (2074) Leipzig 2014}) 13... Bxf5 14. exf5 Ne5 15. Bxe5 dxe5 16. Ne4 Nxe4 17. Qxe4 Rad8 18. Qc4 Bf6 19. c3 Qe7 20. g3 h6 21. Kg2 Rd7 22. Bb3 Rfd8 23. Rxd7 Rxd7 24. Rd1 Rc7 25. h4 Qf8 $14 26. Kf3 Qc8 27. Ke4 Qf8 28. Rd2 Qe7 29. Ba2 Qf8 30. Qb3 Qc5 31. Qc4 Qe7 32. Qd3 Qc5 33. Qe3 Qxe3+ 34. Kxe3 Kf8 35. Ke4 Ke8 36. Bc4 Rc8 37. Rd1 1/2-1/2

[Event "Polish Youth Ekstraliga 2022"]
[Site "Lublin"]
[Date "2022.06.25"]
[Round "1.16"]
[White "Krol, Jan"]
[Black "Suska, Szymon"]
[Result "0-1"]
[ECO "B54"]
[WhiteElo "1668"]
[BlackElo "1604"]
[Annotator "NA RC"]
[PlyCount "108"]
[EventDate "2022.06.24"]
[EventType "team-tourn"]
[EventCountry "POL"]
[SourceTitle "playchess.com"]
[Source "ChessBase"]
[SourceQuality "1"]
[TimeControl "40/5400+30:1800+30"]

1. e4 c5 2. Nf3 d6 3. d4 cxd4 4. Nxd4 Nf6 5. Bd3 g6 6. c4 Bg7 7. Nc3 Nc6 8. Nxc6 bxc6 9. h3 O-O 10. O-O Bb7 11. Qe2 d5 12. e5 Nd7 13. f4 Nb6 14. c5 Nd7 15. b4 a5 16. Ba3 axb4 17. Bxb4 e6 18. a4 f6 19. a5 Rb8 20. Na4 fxe5 21. fxe5 Qh4 22. Bc3 Rxf1+ 23. Qxf1 d4 24. Be1 Qg5 25. a6 Nxe5 26. axb7 Qe3+ 27. Bf2 Qxd3 28. Qxd3 Nxd3 29. Rb1 e5 30. Bh4 Bf8 31. Bd8 Rxd8 32. b8=Q Rxb8 33. Rxb8 Kf7 34. Rb6 Nxc5 35. Nxc5 Bxc5 36. Rxc6 Be7 37. Kf2 e4 38. Ke2 h5 39. Ra6 h4 40. Rc6 g5 41. Kf2 Bf6 42. g4 Ke7 43. Ra6 Be5 44. Ra7+ Ke6 45. Ra6+ Bd6 46. Ra5 Bf4 47. Ra8 d3 48. Re8+ Kd5 49. Rd8+ Kc4 50. Rc8+ Kd4 51. Rd8+ Kc3 52. Rc8+ Kd2 53. Ra8 e3+ 54. Kf3 e2 0-1

[Event "Polish Youth Ekstraliga 2022"]
[Site "Lublin"]
[Date "2022.06.25"]
[Round "1.17"]
[White "Rejniak, Zuzanna"]
[Black "Adamczyk, Zuzanna"]
[Result "1/2-1/2"]
[ECO "B11"]
[WhiteElo "1804"]
[BlackElo "1909"]
[Annotator "NA RC"]
[PlyCount "164"]
[EventDate "2022.06.24"]
[EventType "team-tourn"]
[EventCountry "POL"]
[SourceTitle "playchess.com"]
[Source "ChessBase"]
[SourceQuality "1"]
[TimeControl "40/5400+30:1800+30"]

1. e4 c6 2. Nc3 d5 3. Nf3 Bg4 4. h3 Bxf3 5. Qxf3 e6 6. d3 Nf6 7. Qg3 Nh5 8. Qg4 Nf6 9. Qg3 Na6 10. a3 Qb6 11. Be2 d4 12. Nb1 Qc7 13. Qxc7 Nxc7 14. Bf4 O-O-O 15. Nd2 Nd7 16. Nf3 Bc5 17. b4 Bb6 18. Ne5 (18. a4 $16 Na6 19. Bd2) 18... Nxe5 19. Bxe5 Ne8 20. Bh5 Rd7 21. Ke2 Bc7 22. Bxc7 Nxc7 23. f4 f5 24. Bf3 Nb5 25. g4 Nc3+ 26. Kd2 fxe4 27. Bxe4 Rf8 28. Rhf1 Rdf7 29. f5 exf5 30. Rxf5 g6 31. Rxf7 Rxf7 32. Re1 Rf2+ 33. Kc1 Kd7 34. Kb2 Rh2 35. Rh1 Re2 36. Rf1 Ke7 37. Bf3 Rh2 38. Rh1 Rf2 39. Re1+ Kd6 40. Be4 Rh2 41. Rh1 Re2 42. Rf1 Nxe4 43. dxe4 Rxe4 44. Rf8 Re7 45. Rd8+ Rd7 46. Re8 b6 47. h4 c5 48. h5 gxh5 49. gxh5 c4 50. a4 Kd5 51. Rg8 (51. Ra8 $17) 51... Ke5 52. Re8+ Kf5 53. h6 {[%emt 0:01:34] [#]} d3 (53... Rc7 $1 $17 54. Rd8 Ke5 55. Re8+ Kf4 56. Rf8+ Ke5 57. Re8+ Kf6 58. Rf8+ Ke6 59. Re8+ Kf6 60. Rf8+ Ke5 61. Re8+) 54. Kc1 Kg5 55. Rc8 $19 (55. cxd3 $11 cxd3 56. Re6) 55... Kxh6 56. Rxc4 dxc2 57. Kxc2 Kg5 58. a5 bxa5 59. bxa5 h5 60. Rc8 h4 61. Rg8+ Kf4 62. Rf8+ Kg3 63. Rg8+ Kh2 64. Rg6 h3 65. a6 Kh1 66. Rg3 h2 67. Rg6 Rf7 68. Kd3 Rf2 69. Rg7 Rg2 70. Rxa7 Kg1 71. Rh7 h1=Q 72. Rxh1+ Kxh1 73. Kc4 Rg5 74. Kb4 Kg2 75. a7 Rg8 76. Kb5 Kf3 77. Kb6 Ke4 78. Kb7 Rg7+ 79. Kb8 Rg8+ 80. Kb7 Kd5 81. a8=Q Rxa8 82. Kxa8 Ke5 1/2-1/2

[Event "Polish Youth Ekstraliga 2022"]
[Site "Lublin"]
[Date "2022.06.25"]
[Round "1.18"]
[White "Gaszka, Zuzanna"]
[Black "Walewska, Natalia"]
[Result "1-0"]
[ECO "C54"]
[WhiteElo "1621"]
[BlackElo "1179"]
[Annotator "NA RC"]
[PlyCount "89"]
[EventDate "2022.06.24"]
[EventType "team-tourn"]
[EventCountry "POL"]
[SourceTitle "playchess.com"]
[Source "ChessBase"]
[SourceQuality "1"]
[TimeControl "40/5400+30:1800+30"]

1. e4 e5 2. Nf3 Nc6 3. Bc4 Bc5 4. c3 Nf6 5. d3 d6 6. Bb3 Be6 7. Bc2 d5 8. Qe2 O-O 9. O-O d4 10. b4 Be7 11. b5 Nb8 12. Nxe5 dxc3 13. Qe1 Bb4 14. Ba3 Bxa3 15. Nxa3 Qd4 16. Nf3 Qb4 17. Nb1 Qxb5 18. Nxc3 Qd7 19. Qe3 Qe7 20. d4 Bc4 21. Rfe1 c6 22. Nd2 Ba6 23. e5 Nd5 24. Qe4 g6 25. Nxd5 cxd5 26. Qxd5 Nc6 27. Qe4 Qb4 28. Nf3 Rad8 29. Rad1 Ne7 30. Qh4 Kg7 31. Ng5 h6 32. Nf3 Nd5 33. Rb1 Qa5 34. Bb3 b6 35. Bxd5 Qxd5 36. Qf6+ Kh7 37. Rb3 Bb7 38. Ra3 Ra8 39. Rae3 Qe6 40. Ng5+ hxg5 41. Rh3+ Qxh3 42. gxh3 Rad8 43. e6 fxe6 44. Qe7+ Kh6 45. Qxb7 1-0

[Event "Polish Youth Ekstraliga 2022"]
[Site "Lublin"]
[Date "2022.06.25"]
[Round "1.19"]
[White "Dzida, Kamil"]
[Black "Ciborowski, Konrad Jr"]
[Result "1-0"]
[ECO "C18"]
[WhiteElo "2294"]
[BlackElo "1927"]
[Annotator "TA"]
[PlyCount "129"]
[EventDate "2022.06.24"]
[EventType "team-tourn"]
[EventCountry "POL"]
[SourceTitle "playchess.com"]
[Source "ChessBase"]
[SourceQuality "1"]
[TimeControl "40/5400+30:1800+30"]

1. e4 e6 2. d4 d5 3. Nc3 Bb4 4. e5 c5 5. a3 Bxc3+ 6. bxc3 Qa5 7. Bd2 Qa4 8. Qb1 c4 9. h4 Nc6 {[%emt 0:00:08] C18: French: 3 Nc3 Bb4: Main line: 7 h4 and 7 Qg4.} 10. h5 h6 11. g3 Nge7 {[%emt 0:00:06] The position is equal.} 12. Bh3 Bd7 13. Ne2 (13. Qxb7 Rb8 14. Qc7 Qxc2 $19) 13... O-O-O 14. O-O Rdg8 15. Nf4 b6 16. Ng2 {[%emt 0:03:26] [#]} Kb7 $146 ({Predecessor:} 16... g6 17. hxg6 fxg6 18. Ne3 h5 19. Qd1 Nf5 20. Nxf5 gxf5 21. Kh2 Be8 22. Qc1 h4 {½-½ (43) Stergiou,G (1864)-Falchi,C (1852) Milan 2015}) 17. Ne3 Nd8 (17... f6 $11) 18. Kh2 (18. Qb4 $14 Qxb4 19. cxb4) 18... Rf8 (18... Ndc6 $11) 19. f4 (19. Qb4 $14 Qxb4 20. cxb4) 19... g6 20. Ng4 Ng8 (20... Ndc6 $11) 21. Qd1 (21. Qb4 $1 $14 Re8 22. Ne3) 21... Nc6 22. Ne3 {[%emt 0:02:55] aiming for Nxd5.} Nce7 23. Qe2 (23. Qb1 {is more complex.} Nf5 24. Qb4 Nge7 25. g4) 23... Nf5 24. g4 (24. Rfb1 $11) 24... Nxe3 $15 25. Bxe3 Ne7 {[%emt 0:04:40] Against f5} 26. Bf2 Rh7 (26... gxh5 $17 27. Bh4 Re8) 27. Bh4 $11 Ng8 28. f5 g5 {[%emt 0:01:18] [#] Strongly threatening ...exf5.} 29. Bg3 Ne7 30. fxe6 Bxe6 31. Rf6 Ng8 32. Rf2 Rc8 33. Qd2 Qd7 34. Qe2 Qa4 35. Bg2 Rg7 36. Kh3 Rc7 37. Rff1 Kc8 38. Bf3 Re7 39. Qg2 Qd7 ({Better is} 39... Rd7 $11) 40. Be2 (40. a4 $14) 40... Qa4 $1 41. Bf3 (41. Rf2 $11) 41... Qd7 $14 42. Bd1 (42. a4 $14) 42... Qb5 ({Black should try} 42... Qa4 $11) 43. Qd2 ({White should play} 43. a4 $14 Qa5 44. Qf3) 43... Qa4 $11 44. Qc1 Re8 45. Qb2 Rf8 (45... f6 $5) 46. Re1 (46. Qb4 $14 Qxb4 47. axb4) 46... Re8 47. Qb4 $36 {[%emt 0:00:52][%mdl 2048] White is pushing.} Qxb4 (47... Qc6 $11 {deserves consideration.}) 48. cxb4 (48. axb4 $5 Kb7 49. b5 $14) 48... a6 49. c3 Rd8 {[%emt 0:00:29] This costs Black the game.} (49... f5 $14) 50. Bc2 $18 Kd7 51. Rf1 Rc8 52. a4 Ra8 53. b5 (53. a5 b5 54. Rf2 Ne7 $16) 53... a5 (53... Ne7 $16 54. bxa6 Rxa6) 54. Be1 Rc8 55. Bd2 f6 56. Rae1 ({Less strong is} 56. exf6 Rf7 $16) 56... Rf8 (56... Rf7 57. Bc1 Rcf8) 57. Bc1 Re8 58. exf6 Nxf6 59. Kg3 Ne4+ 60. Bxe4 dxe4 61. Rxe4 {[%emt 0:00:08] Threatens to win with Rf6.} ({Not} 61. Rf6 Rf7 62. Rxf7+ (62. Rxh6 Rf3+ 63. Kh2 Rxc3 $11) 62... Bxf7 $16) 61... Ree7 $2 (61... Rf7 62. Rfe1 Rf6) 62. Rf6 {[%emt 0:02:55] Black must now prevent Ba3. White is clearly winning.} Rgf7 {[%emt 0:00:29] [#]} 63. Rexe6 Rxf6 64. Rxf6 Re1 65. Bd2 {[%emt 0:00:20] Weighted Error Value: White=0.22 (precise) /Black=0.35} 1-0

[Event "Polish Youth Ekstraliga 2022"]
[Site "Lublin"]
[Date "2022.06.25"]
[Round "1.20"]
[White "Wydmanski, Szymon"]
[Black "Koziorowicz, Michal"]
[Result "0-1"]
[ECO "B43"]
[WhiteElo "1815"]
[BlackElo "2231"]
[Annotator "TA"]
[PlyCount "72"]
[EventDate "2022.06.24"]
[EventType "team-tourn"]
[EventCountry "POL"]
[SourceTitle "playchess.com"]
[Source "ChessBase"]
[SourceQuality "1"]
[TimeControl "40/5400+30:1800+30"]

1. e4 c5 2. Nf3 e6 3. d4 cxd4 4. Nxd4 a6 5. Nc3 b5 6. a3 Qc7 7. Be2 Nf6 8. O-O Bb7 9. Bf3 d6 10. g3 Nbd7 {[%emt 0:00:30][%cal Bb8d7,Bd7c5,Bc5e4,Be4d6,Bd6c4][%mdl 32] B43: Sicilian: Kan Variation: 5 Nc3.} 11. Bg2 Be7 12. f4 O-O {[%emt 0:00:30] Black has an edge.} 13. g4 Nc5 14. Qe2 d5 {[%emt 0:00:30][%cal Rf6e4] [#]} 15. exd5 $146 ({Predecessor:} 15. e5 Nfe4 16. Nxe4 Nxe4 17. c3 f6 18. Be3 Qd7 19. f5 Nc5 20. Bf4 fxe5 21. Bxe5 exf5 22. Nxf5 {1-0 (49) Barhudarian,R (2216)-Fedoseev,V (2310) St Petersburg 2006}) 15... exd5 16. g5 Nfe4 17. Nxe4 Nxe4 18. Be3 Bc5 19. Nf5 (19. Bxe4 $11 dxe4 20. c3) 19... Rfe8 {[%emt 0:00:30] And now ...Nd6 would win.} (19... Rae8 $5 20. Rae1 Bc8 21. Bxc5 Qxc5+ 22. Ne3 d4 $19) 20. Rad1 $2 {[%emt 0:00:30][%mdl 8192] [#] Loses the game.} ({White should try} 20. Qd3 $15) 20... Nd6 $1 $19 21. Nd4 Nc4 22. Rf3 Nxb2 ({Stronger than} 22... Nxe3 23. Rxe3 Bxd4 24. Rxd4 Rxe3 25. Qxe3 $15) 23. Rh3 $2 (23. f5) 23... Nxd1 24. Qxd1 {[%emt 0:00:30] [#]} Rxe3 $1 25. Rxe3 Qxf4 26. Rd3 Qxg5 27. Kh1 Bxd4 28. Rxd4 Re8 29. Bxd5 Bxd5+ 30. Rxd5 {[%emt 0:00:05][%mdl 4096] Endgame KQR-KQR} Qh4 31. Kg2 Qe4+ 32. Kf2 h6 {[%emt 0:00:19] ...Qe3+ is the strong threat.} 33. Qd2 (33. Rd3 $142) 33... Re6 34. Rd8+ Kh7 {[%emt 0:00:02] ( -> ...Qf5+)} 35. Rd4 Rf6+ 36. Kg1 Rg6+ {[%emt 0:00:06] Weighted Error Value: White=1.38/Black=0.21 (precise)} 0-1

[Event "Polish Youth Ekstraliga 2022"]
[Site "Lublin"]
[Date "2022.06.25"]
[Round "1.21"]
[White "Raczek, Krzysztof"]
[Black "Wolak, Maciej"]
[Result "1-0"]
[ECO "A06"]
[WhiteElo "2114"]
[BlackElo "1316"]
[Annotator "RC"]
[PlyCount "69"]
[EventDate "2022.06.24"]
[EventType "team-tourn"]
[EventCountry "POL"]
[SourceTitle "playchess.com"]
[Source "ChessBase"]
[SourceQuality "1"]
[TimeControl "40/5400+30:1800+30"]

1. Nf3 d5 2. b3 Nf6 3. Bb2 e6 4. e3 Be7 5. c4 c6 6. d4 O-O 7. Bd3 Nbd7 8. O-O b6 9. Nbd2 Bb7 10. Qe2 Rc8 11. cxd5 cxd5 12. Ne5 Nxe5 13. dxe5 Ne4 14. Nxe4 dxe4 15. Bb5 Bc6 16. Ba6 Rc7 17. Rfd1 Qb8 18. Rac1 Rd8 19. Rxd8+ Qxd8 20. Rd1 Rd7 21. Rxd7 Qxd7 22. Bd4 f6 23. exf6 Bxf6 24. Bxf6 gxf6 25. Qg4+ Kf7 26. Bf1 Qd2 27. h4 f5 28. Qh5+ Kg7 29. Qg5+ Kf7 30. Qh6 Qd1 31. Qxh7+ Kf8 32. Qh8+ Ke7 33. Qe5 Kf7 34. h5 Qd8 35. h6 1-0

[Event "Polish Youth Ekstraliga 2022"]
[Site "Lublin"]
[Date "2022.06.25"]
[Round "1.22"]
[White "Kania, Franciszek"]
[Black "Grzebieniowski, Michal"]
[Result "1-0"]
[ECO "B15"]
[WhiteElo "1523"]
[BlackElo "1635"]
[Annotator "NA RC"]
[PlyCount "89"]
[EventDate "2022.06.24"]
[EventType "team-tourn"]
[EventCountry "POL"]
[SourceTitle "playchess.com"]
[Source "ChessBase"]
[SourceQuality "1"]
[TimeControl "40/5400+30:1800+30"]

1. e4 c6 2. d4 d5 3. Nc3 dxe4 4. Nxe4 Nf6 5. Nxf6+ exf6 6. Be3 Bd6 7. Bd3 O-O 8. Qd2 Be6 9. Ne2 Re8 10. O-O Qd7 11. Ng3 Qc7 12. c4 Nd7 13. f4 Nf8 14. c5 Be7 15. f5 Bd5 16. Nh5 Qd8 17. Bh6 g6 18. Ng7 Qd7 19. Nxe8 Rxe8 20. Bxf8 Bxf8 21. Rfe1 Rxe1+ 22. Rxe1 Bxa2 23. Qe3 a6 24. Bc2 Bd5 25. Be4 Qd8 26. Bxd5 Qxd5 27. Qe4 Qc4 28. Qe3 Qd5 29. Rf1 Kg7 30. Qf4 Be7 31. Re1 Bf8 32. Re8 Qc4 33. Qe3 Qc2 34. fxg6 hxg6 35. h3 Qxb2 36. Rb8 a5 37. Kh2 g5 38. Qe8 Qxd4 39. Qxf8+ Kg6 40. Qg8+ Kf5 41. Qh7+ Kf4 42. g3+ Kf3 43. Qf5+ Ke2 44. Re8+ Kd2 45. Qf3 1-0

[Event "Polish Youth Ekstraliga 2022"]
[Site "Lublin"]
[Date "2022.06.25"]
[Round "1.23"]
[White "Siekanska, Maria"]
[Black "Dylag, Emilia"]
[Result "1-0"]
[ECO "D39"]
[WhiteElo "1964"]
[BlackElo "2022"]
[Annotator "NA RC"]
[PlyCount "59"]
[EventDate "2022.06.24"]
[EventType "team-tourn"]
[EventCountry "POL"]
[SourceTitle "playchess.com"]
[Source "ChessBase"]
[SourceQuality "1"]
[TimeControl "40/5400+30:1800+30"]

1. d4 Nf6 2. c4 e6 3. Nf3 d5 4. Nc3 Bb4 5. Bg5 dxc4 6. e4 b5 7. a4 c6 8. e5 h6 9. exf6 hxg5 10. fxg7 Rg8 11. g3 Bb7 12. Bg2 $1 ({But not} 12. axb5 cxb5 13. Bg2 g4 $15) 12... Nd7 13. h4 gxh4 14. Rxh4 Qc7 15. Kf1 Bxc3 16. bxc3 a6 17. Ng5 Rxg7 18. Qh5 O-O-O $14 19. Rf4 c5 20. Rxf7 Bxg2+ 21. Kxg2 Qc6+ 22. Kg1 Rxf7 23. Nxf7 Rf8 24. axb5 axb5 25. dxc5 Nxc5 26. Ra8+ Qxa8 27. Qxc5+ Kb7 28. Nd6+ Ka6 29. Qxb5+ Ka7 30. Qa5+ 1-0

[Event "Polish Youth Ekstraliga 2022"]
[Site "Lublin"]
[Date "2022.06.25"]
[Round "1.24"]
[White "Bandyk, Joanna"]
[Black "Ziobrowska, Maja"]
[Result "0-1"]
[ECO "C58"]
[WhiteElo "1360"]
[BlackElo "1609"]
[Annotator "NA RC"]
[PlyCount "74"]
[EventDate "2022.06.24"]
[EventType "team-tourn"]
[EventCountry "POL"]
[SourceTitle "playchess.com"]
[Source "ChessBase"]
[SourceQuality "1"]
[TimeControl "40/5400+30:1800+30"]

1. e4 e5 2. Nf3 Nc6 3. Bc4 Nf6 4. Ng5 d5 5. exd5 Na5 6. Bb5+ c6 7. dxc6 bxc6 8. Be2 Be7 9. Nc3 O-O 10. O-O h6 11. Nge4 Nd5 12. d3 f5 13. Ng3 Be6 14. Bf3 Qc7 15. Nce2 Rad8 16. b3 Bf6 17. Bxd5 cxd5 18. d4 f4 19. Nh5 Bg5 20. dxe5 Bg4 21. Nhxf4 Bxf4 22. Bxf4 Bxe2 23. Qxe2 Rxf4 24. Rad1 Re4 25. Qd3 Rxe5 26. Rfe1 Nc6 27. Qc3 Rxe1+ 28. Rxe1 Qa5 29. Qe3 d4 30. Qe6+ Kh8 31. Rd1 Qd5 32. Qe2 Qd7 33. Kf1 Re8 34. Qf3 Ne5 35. Qf4 Qb5+ 36. Kg1 Qe2 37. Qxd4 Nc6 0-1

[Event "Polish Youth Ekstraliga 2022"]
[Site "Lublin"]
[Date "2022.06.25"]
[Round "1.25"]
[White "Karolczuk, Iwo"]
[Black "Czernek, Tymon"]
[Result "0-1"]
[ECO "D02"]
[WhiteElo "2319"]
[BlackElo "2199"]
[Annotator "TA"]
[PlyCount "72"]
[EventDate "2022.06.24"]
[EventType "team-tourn"]
[EventCountry "POL"]
[SourceTitle "playchess.com"]
[Source "ChessBase"]
[SourceQuality "1"]
[TimeControl "40/5400+30:1800+30"]

1. d4 d5 2. Nf3 Nf6 3. c4 c6 4. Qb3 dxc4 5. Qxc4 Bf5 6. g3 e6 7. Bg2 Be7 8. O-O {[%emt 0:01:31] D23: Queen's Gambit Accepted: 3 Nf3 Nf6 sidelines.} O-O 9. Rd1 Nbd7 10. Bf4 {[%emt 0:14:19] [#] The position is equal.} Rc8 $146 ({Predecessor:} 10... Qb6 11. Qc1 c5 12. Nc3 Rac8 13. Be3 h6 14. dxc5 Nxc5 15. Nd4 Bg6 16. Nb3 Nxb3 17. axb3 Qxb3 18. Rxa7 Be4 19. Bxe4 Nxe4 20. Qb1 Nxc3 21. bxc3 {½-½ (21) Vladimirov,Y (2598)-Magem Badals,J (2482) Istanbul 2000}) 11. Ne5 Nxe5 12. Bxe5 Qb6 13. Qc1 c5 14. Nc3 Ng4 {[%emt 0:03:22] ...f6 is the strong threat.} 15. h3 {[%emt 0:07:21] [#]} (15. e3 $15) 15... Nxf2 $1 $17 16. Kxf2 f6 17. d5 {[%emt 0:03:07][%cal Od5d6] Black must now prevent d6!} fxe5 18. Kg1 c4+ (18... e4 $142 19. Kh1 Bg6) 19. Kh2 h6 {[%emt 0:03:35] Black is more active.} 20. h4 {[%emt 0:01:35] Against Bg5} Kh8 21. Rf1 Bg6 {[%emt 0:02:51] This bishop pair is nice.} (21... e4 $19 22. dxe6 Qxe6) 22. Qd2 Rcd8 23. Rxf8+ Bxf8 24. Rd1 Bb4 25. a3 (25. Qe1 $17) 25... Bxc3 $19 26. Qxc3 exd5 {[%emt 0:00:04] Hoping for ...Qf2.} 27. Qxe5 d4 28. h5 Bh7 ({Inferior is} 28... Bc2 29. Rf1 Qd6 30. Qxd6 Rxd6 31. Bxb7 $17) 29. Qe7 d3 30. exd3 (30. Rd2 {was the only defense.}) 30... cxd3 {[%emt 0:00:05] And now ...d2 would win.} (30... Rxd3 $2 31. Qf8+ Bg8 32. Rxd3 $18) 31. Rf1 {[%emt 0:00:16] [#] Strongly threatening Rf8+.} Bg8 $1 {[%emt 0:02:11] aiming for ...d2.} ({Worse is} 31... d2 32. Rf8+ Rxf8 33. Qxf8+ Bg8 34. Bd5 Qg1+ 35. Kh3 Qh1+ 36. Bxh1 $11) 32. Be4 (32. Bxb7 $142 Qxb2+ 33. Kh3) 32... Qxb2+ 33. Kh3 Qb6 34. Rf8 $2 (34. Bf3) 34... Rxf8 35. Qxf8 Qe6+ 36. Qf5 d2 {[%emt 0:00:13] Weighted Error Value: White=0.68/Black=0.10 (very precise)} 0-1

[Event "Polish Youth Ekstraliga 2022"]
[Site "Lublin"]
[Date "2022.06.25"]
[Round "1.26"]
[White "Chyzy, Jakub"]
[Black "Budzisz, Adrian"]
[Result "0-1"]
[ECO "C11"]
[WhiteElo "2191"]
[BlackElo "2152"]
[Annotator "RC"]
[PlyCount "132"]
[EventDate "2022.06.24"]
[EventType "team-tourn"]
[EventCountry "POL"]
[SourceTitle "playchess.com"]
[Source "ChessBase"]
[SourceQuality "1"]
[TimeControl "40/5400+30:1800+30"]

1. e4 e6 2. Nf3 d5 3. Nc3 dxe4 4. Nxe4 Be7 5. d4 Nd7 6. Bd3 Ngf6 7. O-O Nxe4 8. Bxe4 O-O 9. c4 c5 10. Bc2 h6 11. Bf4 Re8 12. d5 Bf6 13. Rb1 Nf8 14. b4 exd5 15. cxd5 c4 16. b5 Bd7 17. h3 Qa5 18. a4 Rad8 19. b6 Bc6 20. dxc6 Rxd1 21. Rfxd1 Ne6 22. Bg3 Qa6 23. bxa7 Qxc6 24. Rd6 Qc8 25. Rdb6 Qa8 26. Rxb7 Rd8 27. Bf5 c3 28. Bb8 Nc5 29. R7b5 Nd3 30. Bxd3 Rxd3 31. Rc1 Kh7 32. Ne5 Rd4 33. Rxc3 Rxa4 34. Rf3 Qe4 35. Ng4 Ra1+ 36. Kh2 Bh4 37. Rfb3 f5 38. R3b4 Qe6 39. Ne5 Bxf2 40. Nf3 Bxa7 41. Be5 Rd1 42. Rb1 Bg1+ 43. Kh1 Rxb1 44. Rxb1 Bb6 45. Rd1 Bc5 46. Bd4 Bxd4 47. Rxd4 g5 48. Rd1 g4 49. Ng1 Qe4 50. Rf1 h5 51. Rc1 Kg6 52. Rc3 Kg5 53. Ra3 Qe1 54. Kh2 f4 55. Rb3 Qe5 56. Kh1 Kh4 57. Ra3 Qb2 58. Rd3 Kg5 59. Kh2 Kf5 60. Kh1 Ke4 61. Rd8 Qb5 62. Rf8 Ke3 63. Rf7 Qb4 64. Rf6 Kf2 65. Kh2 Qe4 66. Nf3 g3+ 0-1

[Event "Polish Youth Ekstraliga 2022"]
[Site "Lublin"]
[Date "2022.06.25"]
[Round "1.27"]
[White "Ptaszynski, Szymon"]
[Black "Krawczyk, Flawian"]
[Result "1/2-1/2"]
[ECO "B51"]
[WhiteElo "1781"]
[BlackElo "2212"]
[Annotator "TA"]
[PlyCount "69"]
[EventDate "2022.06.24"]
[EventType "team-tourn"]
[EventCountry "POL"]
[SourceTitle "playchess.com"]
[Source "ChessBase"]
[SourceQuality "1"]
[TimeControl "40/5400+30:1800+30"]

1. e4 c5 2. Nf3 d6 3. Bb5+ Nd7 4. c4 a6 5. Ba4 Ngf6 6. Nc3 {[%emt 0:00:05] B51: Sicilian: Moscow Variation (3 Bb5+) without 3...Bd7.} e6 7. O-O Be7 8. d4 {[%emt 0:04:27] The position is equal.} cxd4 9. Nxd4 O-O 10. Bxd7 Bxd7 11. Qd3 Qa5 12. Bd2 Qh5 {[%emt 0:01:47] [#] Inhibits Nd5.} 13. h3 $146 ({Predecessor:} 13. Rfe1 Rfc8 14. h3 Be8 15. b3 Nd7 16. a4 Bf6 17. Be3 Qa5 18. Rab1 Ne5 19. Qd2 {1-0 (38) Nevednichy,V (2504)-Pasztor,B (2356) Alba Iulia 2021}) 13... Rfc8 14. Rac1 Bf8 (14... b5 $5) 15. Rfd1 (15. g4 {keeps more tension.} Nxg4 16. hxg4 Qxg4+ 17. Qg3) 15... Bc6 16. b3 Nd7 17. Nxc6 Rxc6 18. Qe2 Qxe2 19. Nxe2 Nc5 20. f3 Rac8 21. Be3 g6 22. Kf2 f5 (22... Be7 $14) 23. exf5 $16 gxf5 (23... exf5 $142 24. Nd4 R6c7) 24. Nd4 R6c7 25. b4 Na4 26. Nxe6 Rxc4 27. Rxc4 Rxc4 28. Nxf8 {White is more active.} Kxf8 29. Rxd6 Rxb4 {[%emt 0:00:06][%mdl 4096] Endgame KRB-KRN} 30. g4 fxg4 31. hxg4 Rb2+ 32. Rd2 Kf7 {[%emt 0:00:23] [#]} 33. Rxb2 ({White should play} 33. f4 $1 $16) 33... Nxb2 $14 34. Ke2 Nc4 {[%emt 0:00:57] [#]} (34... Ke6 $11) 35. Bd4 {[%emt 0:00:25] Weighted Error Value: White=0.12 (very precise) /Black=0.15 (very precise)} (35. Kd3 $1 $16 b5 36. Ke4) 1/2-1/2

[Event "Polish Youth Ekstraliga 2022"]
[Site "Lublin"]
[Date "2022.06.25"]
[Round "1.28"]
[White "Sowinski, Pawel"]
[Black "Rekuc, Patryk"]
[Result "0-1"]
[ECO "E65"]
[WhiteElo "2060"]
[BlackElo "1842"]
[Annotator "NA RC"]
[PlyCount "92"]
[EventDate "2022.06.24"]
[EventType "team-tourn"]
[EventCountry "POL"]
[SourceTitle "playchess.com"]
[Source "ChessBase"]
[SourceQuality "1"]
[TimeControl "40/5400+30:1800+30"]

1. Nf3 Nf6 2. c4 g6 3. g3 Bg7 4. Bg2 O-O 5. O-O d6 6. d4 c5 7. Nc3 Nc6 8. dxc5 dxc5 9. Be3 Be6 10. Nd2 Nd4 11. Na4 b6 12. Bxd4 cxd4 13. Bxa8 Qxa8 14. f3 Bh3 15. Re1 Ng4 16. Nf1 Bxf1 17. Rxf1 Ne3 18. Qd3 Nxf1 19. Rxf1 Qc6 20. b3 Rc8 21. Kg2 e5 22. e4 Bf8 23. Nb2 Ba3 24. Rf2 Bxb2 25. Rxb2 a6 26. Rc2 Qd6 27. Kf2 Qb4 28. f4 f6 29. Ke2 Qd6 30. Qd2 Re8 31. Kf2 exf4 32. Qd3 f5 33. Re2 fxg3+ 34. hxg3 fxe4 35. Rxe4 Rxe4 36. Qxe4 d3 37. Ke1 Qxg3+ 38. Kd2 Qf2+ 39. Kxd3 Qf5 40. b4 Kf7 41. Qxf5+ gxf5 42. Ke3 h5 43. Kf4 h4 44. a4 Ke6 45. Kf3 Kd6 46. Kg2 f4 0-1

[Event "Polish Youth Ekstraliga 2022"]
[Site "Lublin"]
[Date "2022.06.25"]
[Round "1.29"]
[White "Marcinczyk, Monika"]
[Black "Wikar, Martyna"]
[Result "0-1"]
[ECO "B13"]
[WhiteElo "1991"]
[BlackElo "2197"]
[Annotator "RC"]
[PlyCount "120"]
[EventDate "2022.06.24"]
[EventType "team-tourn"]
[EventCountry "POL"]
[SourceTitle "playchess.com"]
[Source "ChessBase"]
[SourceQuality "1"]
[TimeControl "40/5400+30:1800+30"]

1. e4 c6 2. d4 d5 3. exd5 cxd5 4. Bd3 Nc6 5. c3 Qc7 6. Ne2 Bg4 7. O-O e6 8. Qe1 Nf6 9. f3 Bh5 10. Qh4 h6 11. Qh3 Bd6 12. Ng3 Bg6 13. Bxg6 fxg6 14. Qxe6+ Kf8 15. Qh3 Kf7 16. Nd2 Rae8 17. Nb3 a5 18. Rb1 Nd8 19. f4 a4 20. Nc5 Bxc5 21. dxc5 Qxc5+ 22. Kh1 Rhf8 23. Bd2 Kg8 24. f5 g5 25. Nh5 Re2 26. Nxf6+ Rxf6 27. Rbd1 Nc6 28. Qf3 Qc4 29. b3 Qe4 30. g4 Ne5 31. Qxe4 dxe4 32. Rfe1 Rxe1+ 33. Rxe1 Nxg4 34. Kg1 Ne5 35. Kg2 axb3 36. axb3 Nf3 37. Re2 Rxf5 38. Be1 Nxe1+ 39. Rxe1 Rf3 40. Rxe4 Rxc3 41. Rb4 Rc7 42. Kg3 Rf7 43. Rb6 Kh7 44. Kg4 Re7 45. b4 Kg8 46. Kf5 Kf7 47. Rd6 Rc7 48. Rb6 Ke7 49. b5 Kd7 50. Kg6 Kc8 51. Rd6 Rc2 52. h4 Kc7 53. Rd5 gxh4 54. Kxg7 Rg2+ 55. Kf6 Rg5 56. Rd4 Rxb5 57. Rxh4 h5 58. Ke6 Rc5 59. Rd4 Rc6+ 60. Ke5 b5 0-1